cohdb
Replays
Latest Replays
All Replays
Popular Replays
Top Player Replays
Match Explorer
How It Works
Community
CoH3 Stats
Reddit
Sign in to upload your games and track your stats! →
Sign in with Steam
Match 45909603
Unlisted
Match 45909603
Overview
Messages
Build Orders
End
Kradschützen Motorcycle Team
Panzerpioneer Squad
Panzergrenadier Squad
250 Light Carrier
Construct Light Support Kompanie
Combat Half-tracks
Construct Mechanized Kompanie
Assault Mechanized Group
Panzergrenadier Squad
Support Armor Elements
Emergency Repair Kits
StuG III D Assault Gun
Panzerjäger Mechanized Group
Vehicle Survival Package
2.5-tonne Medical Truck
StuG III D Assault Gun
Marder III Tank Destroyer
254 Reconnaissance Tractor
Selects Panzerjäger Kommand Battlegroup
Selects Tank Busters
Selects Crew Shock Tactics
Selects Anti-tank Overwatch
Tungsten Core Ammunition
Marder III Tank Destroyer
18-tonne Recovery Half-track
Construct Panzerarmee Kommand
Selects Mine Fields
Selects Defensive Positions
Adamir@Magnum.CZ
oziligath
0
0
Comments
sign in to comment!
No comments posted yet!